General information
- name: BNet
- type: Ladder team game (AT/RT)
- host: Battle.net
- saver: MyPeonsRLazy
map: Cherryville
- players: 8
- length: 27:13
- speed: Fast
- version: 1.28 W3XP
- replay type: Public
» download(261 KB)
Players
team 1 (loser)
kick-moee (
purple | 108 APM | 2728 actions | 25:19)
6 Pandaren Brewmaster
3 Drunken Haze
3 Breath of Fire
» actions
| Assign group hotkey | 40 | |
| Basic commands | 57 | |
| Build / train | 130 | |
| ESC pressed | 5 | |
| Enter build submenu | 32 | |
| Enter hero's abilities submenu | 7 | |
| Give item / drop item | 6 | |
| Right click | 793 | |
| Select / deselect | 423 | |
| Select group hotkey | 1035 | |
| Use ability | 200 | |
2728 total
» units
| Peasant | 22 | |
| Footman | 16 | |
| Rifleman | 4 | |
| Flying Machine | 9 | |
| Knight | 1 | |
52 total
» upgrades
| Defend | 1 | |
| Masonry | 3 | |
| Gunpowder | 3 | |
| Plating | 1 | |
| Swords | 1 | |
| Lumber Harvesting | 2 | |
| Armor | 2 | |
| Long Rifles | 1 | |
| Flak Cannons | 1 | |
15 total
» buildings
| Farm | 10 | |
| Altar of Kings | 1 | |
| Barracks | 3 | |
| Scout Tower | 18 | |
| Lumber Mill | 3 | |
| Arcane Tower | 4 | |
| Town Hall | 1 | |
| Arcane Vault | 2 | |
| Guard Tower | 9 | |
| Blacksmith | 2 | |
| Keep | 1 | |
| Castle | 1 | |
| Workshop | 3 | |
58 total
» build order
00:30 Farm
00:35 Altar of Kings
00:50 Barracks
01:16 Farm
01:58 Scout Tower
02:09 Lumber Mill
02:26 Arcane Tower
02:28 Farm
03:54 Town Hall
03:56 Lumber Mill
05:13 Scout Tower
05:13 Scout Tower
05:14 Scout Tower
05:15 Scout Tower
05:15 Scout Tower
05:16 Scout Tower
05:16 Scout Tower
05:18 Scout Tower
05:47 Scout Tower
05:49 Arcane Vault
06:01 Scout Tower
06:01 Scout Tower
06:02 Scout Tower
06:57 Guard Tower
07:05 Guard Tower
07:19 Arcane Tower
07:26 Arcane Tower
07:44 Guard Tower
08:04 Guard Tower
08:05 Guard Tower
08:16 Blacksmith
08:27 Guard Tower
08:35 Guard Tower
08:39 Farm
08:50 Farm
08:54 Scout Tower
08:55 Scout Tower
08:55 Scout Tower
09:06 Farm
09:07 Farm
09:31 Guard Tower
09:41 Guard Tower
10:42 Keep
10:53 Scout Tower
10:53 Scout Tower
11:30 Arcane Tower
11:31 Blacksmith
12:20 Barracks
12:21 Barracks
12:22 Farm
12:23 Farm
12:23 Farm
13:46 Castle
15:51 Workshop
16:41 Arcane Vault
17:43 Workshop
19:30 Lumber Mill
19:32 Workshop
» items
| Scroll of Regeneration | 5 | |
| Lesser Clarity Potion | 13 | |
| Scroll of Town Portal | 5 | |
| Boots of Speed | 1 | |
| Scroll of Healing | 2 | |
| Potion of Lesser Invulnerability | 3 | |
| Potion of Mana | 3 | |
| Potion of Healing | 3 | |
| Healing Salve | 1 | |
| Scroll of Speed | 1 | |
| Potion of Invisibility | 1 | |
38 total
Francis (
blue | 50 APM | 1316 actions | 26:28)
6 Shadow Hunter
3 Healing Wave
2 Hex
1 Big Bad Voodoo
» actions
| Assign group hotkey | 29 | |
| Basic commands | 44 | |
| Build / train | 70 | |
| Enter build submenu | 17 | |
| Enter hero's abilities submenu | 6 | |
| Remove unit from queue | 1 | |
| Right click | 362 | |
| Select / deselect | 243 | |
| Select group hotkey | 485 | |
| Use ability | 59 | |
1316 total
» units
| Peon | 20 | |
| Troll Headhunter/Berserker | 23 | |
43 total
» upgrades
| Armor | 3 | |
| Ranged Weapons | 3 | |
| Troll Regeneration | 1 | |
| Berserker Upgrade | 1 | |
| Reinforced Defenses | 1 | |
9 total
» buildings
| Orc Burrow | 8 | |
| Altar of Storms | 1 | |
| War Mill | 1 | |
| Barracks | 4 | |
| Voodoo Lounge | 1 | |
| Stronghold | 1 | |
| Fortress | 1 | |
| Great Hall | 1 | |
18 total
» build order
00:33 Orc Burrow
00:48 Altar of Storms
01:04 War Mill
01:18 Barracks
01:38 Orc Burrow
02:11 Voodoo Lounge
02:55 Stronghold
05:20 Fortress
05:36 Great Hall
05:49 Barracks
06:40 Orc Burrow
07:23 Orc Burrow
11:36 Orc Burrow
13:59 Barracks
14:13 Barracks
14:41 Orc Burrow
16:01 Orc Burrow
16:03 Orc Burrow
» items
| Lesser Clarity Potion | 2 | |
| Healing Salve | 1 | |
| Orb of Lightning | 1 | |
| Scroll of Town Portal | 4 | |
8 total
MOJOJOJO (
pink | 80 APM | 2154 actions | 26:54)
7 Blademaster
3 Wind Walk
3 Critical Strike
1 Bladestorm
» actions
| Assign group hotkey | 176 | |
| Basic commands | 3 | |
| Build / train | 131 | |
| ESC pressed | 3 | |
| Enter build submenu | 35 | |
| Enter hero's abilities submenu | 7 | |
| Give item / drop item | 17 | |
| Right click | 942 | |
| Select / deselect | 232 | |
| Select group hotkey | 300 | |
| Use ability | 308 | |
2154 total
» units
| Peon | 18 | |
| Goblin Sapper | 2 | |
| Tauren | 3 | |
| Troll Batrider | 13 | |
| Goblin Shredder | 1 | |
37 total
» upgrades
| Melee Weapons | 2 | |
| Armor | 1 | |
| Reinforced Defenses | 1 | |
| Pulverize | 1 | |
5 total
» buildings
| Altar of Storms | 1 | |
| Orc Burrow | 3 | |
| Voodoo Lounge | 1 | |
| War Mill | 1 | |
| Stronghold | 1 | |
| Watch Tower | 21 | |
| Fortress | 1 | |
| Tauren Totem | 3 | |
| Beastiary | 2 | |
| Great Hall | 2 | |
36 total
» build order
00:06 Altar of Storms
00:09 Orc Burrow
00:50 Voodoo Lounge
01:35 War Mill
02:33 Stronghold
02:47 Watch Tower
03:40 Watch Tower
03:52 Watch Tower
05:16 Fortress
05:46 Orc Burrow
05:48 Orc Burrow
10:54 Tauren Totem
10:55 Tauren Totem
11:46 Beastiary
11:47 Beastiary
11:52 Great Hall
11:55 Watch Tower
11:56 Watch Tower
11:56 Watch Tower
11:57 Watch Tower
12:02 Watch Tower
13:11 Watch Tower
13:13 Watch Tower
19:31 Great Hall
19:54 Watch Tower
19:54 Watch Tower
20:24 Tauren Totem
24:54 Watch Tower
24:55 Watch Tower
24:56 Watch Tower
24:57 Watch Tower
25:52 Watch Tower
25:52 Watch Tower
25:53 Watch Tower
25:53 Watch Tower
25:54 Watch Tower
» items
| Healing Salve | 7 | |
| Lesser Clarity Potion | 22 | |
| Scroll of Speed | 8 | |
| Dust of Appearance | 1 | |
| Staff of Teleportation | 1 | |
| Circlet of Nobility | 1 | |
| Potion of Healing | 13 | |
| Potion of Mana | 13 | |
| Boots of Speed | 1 | |
| Potion of Lesser Invulnerability | 6 | |
| Orb of Lightning | 1 | |
| Scroll of Town Portal | 3 | |
77 total
team 2 (winner)
junglejane1 (
yellow | 68 APM | 1857 actions | 27:13)
6 Death Knight
3 Death Coil
3 Unholy Aura
5 Lich
3 Frost Nova
2 Dark Ritual
» actions
| Assign group hotkey | 44 | |
| Basic commands | 3 | |
| Build / train | 78 | |
| ESC pressed | 5 | |
| Enter build submenu | 16 | |
| Enter hero's abilities submenu | 13 | |
| Give item / drop item | 2 | |
| Right click | 794 | |
| Select / deselect | 463 | |
| Select group hotkey | 334 | |
| Use ability | 105 | |
1857 total
» units
| Acolyte | 7 | |
| Ghoul | 5 | |
| Crypt Fiend | 20 | |
| Frost Wyrm | 2 | |
34 total
» upgrades
| Creature Attack | 3 | |
| Web | 1 | |
| Creature Carapace | 3 | |
| Freezing Breath | 1 | |
8 total
» buildings
| Graveyard | 1 | |
| Crypt | 1 | |
| Ziggurat | 7 | |
| Altar of Darkness | 1 | |
| Tomb of Relics | 1 | |
| Halls of the Dead | 1 | |
| Necropolis | 1 | |
| Black Citadel | 1 | |
| Sacrificial Pit | 1 | |
| Boneyard | 3 | |
18 total
» build order
00:19 Graveyard
00:20 Crypt
00:37 Ziggurat
00:55 Altar of Darkness
01:32 Ziggurat
01:48 Tomb of Relics
04:08 Halls of the Dead
04:12 Ziggurat
04:39 Necropolis
07:09 Black Citadel
07:29 Sacrificial Pit
10:33 Boneyard
10:35 Boneyard
10:36 Boneyard
10:39 Ziggurat
10:39 Ziggurat
10:40 Ziggurat
18:41 Ziggurat
» items
| Rod of Necromancy | 5 | |
| Healing Salve | 2 | |
| Lesser Clarity Potion | 3 | |
| Orb of Corruption | 1 | |
| Potion of Healing | 2 | |
| Scroll of Town Portal | 2 | |
| Staff of Sanctuary | 1 | |
| Potion of Mana | 1 | |
17 total
Terps123 (
teal | 54 APM | 1479 actions | 27:13)
5 Archmage
3 Summon Water Elemental
1 Brilliance Aura
1 Blizzard
3 Mountain King
2 Storm Bolt
1 Bash
4 Paladin
2 Holy Light
2 Divine Shield
» actions
| Assign group hotkey | 36 | |
| Basic commands | 6 | |
| Build / train | 91 | |
| Enter build submenu | 38 | |
| Enter hero's abilities submenu | 12 | |
| Remove unit from queue | 1 | |
| Right click | 409 | |
| Select / deselect | 482 | |
| Select group hotkey | 318 | |
| Use ability | 86 | |
1479 total
» units
| Peasant | 15 | |
| Footman | 8 | |
| Gryphon Rider | 7 | |
| Knight | 11 | |
41 total
» upgrades
| Defend | 1 | |
| Swords | 3 | |
| Armor | 3 | |
| Lumber Harvesting | 2 | |
| Animal War Training | 1 | |
| Magic Sentry | 1 | |
| Storm Hammers | 1 | |
| Masonry | 3 | |
| Plating | 3 | |
18 total
» buildings
| Altar of Kings | 1 | |
| Farm | 10 | |
| Barracks | 5 | |
| Scout Tower | 19 | |
| Arcane Tower | 3 | |
| Arcane Vault | 1 | |
| Keep | 1 | |
| Lumber Mill | 1 | |
| Blacksmith | 1 | |
| Town Hall | 1 | |
| Castle | 1 | |
| Gryphon Aviary | 2 | |
| Arcane Sanctum | 1 | |
| Guard Tower | 9 | |
56 total
» build order
00:15 Altar of Kings
00:21 Farm
00:26 Farm
01:06 Barracks
01:30 Farm
01:43 Scout Tower
02:11 Arcane Tower
02:18 Farm
02:22 Farm
03:03 Arcane Vault
03:54 Keep
04:27 Lumber Mill
04:48 Blacksmith
06:06 Town Hall
07:00 Farm
07:06 Farm
07:07 Farm
08:20 Castle
08:54 Gryphon Aviary
08:58 Gryphon Aviary
09:40 Arcane Sanctum
09:48 Scout Tower
09:50 Scout Tower
10:36 Scout Tower
10:37 Scout Tower
11:02 Arcane Tower
11:10 Scout Tower
11:49 Guard Tower
12:03 Guard Tower
12:09 Scout Tower
12:14 Scout Tower
12:41 Farm
13:10 Guard Tower
13:13 Arcane Tower
13:29 Farm
16:02 Scout Tower
16:04 Scout Tower
16:05 Scout Tower
16:06 Scout Tower
16:11 Scout Tower
16:13 Scout Tower
16:38 Guard Tower
16:43 Guard Tower
16:48 Guard Tower
17:10 Guard Tower
17:45 Guard Tower
20:23 Barracks
20:27 Barracks
20:31 Barracks
20:42 Barracks
21:02 Scout Tower
21:03 Scout Tower
21:05 Scout Tower
25:35 Guard Tower
26:59 Scout Tower
27:00 Scout Tower
» items
| Scroll of Regeneration | 1 | |
| Scroll of Town Portal | 1 | |
2 total
a5aprocky (
red | 39 APM | 1059 actions | 27:13)
6 Blademaster
2 Wind Walk
3 Critical Strike
1 Bladestorm
» actions
| Basic commands | 1 | |
| Build / train | 76 | |
| Enter build submenu | 41 | |
| Enter hero's abilities submenu | 6 | |
| Give item / drop item | 2 | |
| Right click | 436 | |
| Select / deselect | 402 | |
| Use ability | 95 | |
1059 total
» units
| Peon | 20 | |
| Grunt | 8 | |
| Shaman | 11 | |
| Tauren | 6 | |
45 total
» upgrades
| Shaman Training | 2 | |
| Melee Weapons | 3 | |
| Pulverize | 1 | |
| Witch Doctor Training | 2 | |
| Armor | 3 | |
11 total
» buildings
| Orc Burrow | 8 | |
| Barracks | 1 | |
| Altar of Storms | 1 | |
| War Mill | 1 | |
| Voodoo Lounge | 2 | |
| Great Hall | 3 | |
| Watch Tower | 20 | |
| Stronghold | 1 | |
| Fortress | 2 | |
| Spirit Lodge | 1 | |
| Tauren Totem | 2 | |
42 total
» build order
00:09 Orc Burrow
00:17 Barracks
00:48 Altar of Storms
01:25 Orc Burrow
02:08 Orc Burrow
03:11 War Mill
04:04 Voodoo Lounge
05:24 Great Hall
05:25 Watch Tower
05:37 Great Hall
06:34 Watch Tower
06:36 Stronghold
07:35 Orc Burrow
07:47 Watch Tower
07:49 Watch Tower
07:52 Watch Tower
08:47 Orc Burrow
10:23 Fortress
10:24 Fortress
10:27 Spirit Lodge
10:37 Voodoo Lounge
10:56 Watch Tower
10:58 Watch Tower
13:49 Tauren Totem
13:51 Tauren Totem
14:30 Watch Tower
14:30 Watch Tower
14:32 Watch Tower
14:34 Watch Tower
14:36 Watch Tower
14:38 Watch Tower
15:11 Orc Burrow
15:59 Watch Tower
16:00 Watch Tower
16:04 Watch Tower
16:05 Watch Tower
16:07 Watch Tower
16:08 Watch Tower
16:22 Orc Burrow
17:29 Watch Tower
17:40 Orc Burrow
25:34 Great Hall
» items
| Healing Salve | 3 | |
| Lesser Clarity Potion | 3 | |
| Orb of Lightning | 1 | |
| Scroll of Regeneration | 1 | |
| Scroll of Town Portal | 1 | |
| Potion of Healing | 1 | |
10 total

»
faast (
green | 46 APM | 1249 actions | 27:13)
4 Archmage
2 Summon Water Elemental
2 Brilliance Aura
3 Mountain King
2 Storm Bolt
1 Bash
» actions
| Basic commands | 17 | |
| Build / train | 85 | |
| Enter build submenu | 34 | |
| Enter hero's abilities submenu | 8 | |
| Remove unit from queue | 1 | |
| Right click | 476 | |
| Select / deselect | 556 | |
| Use ability | 72 | |
1249 total
» units
| Peasant | 6 | |
| Footman | 8 | |
| Goblin Shredder | 1 | |
| Rifleman | 3 | |
| Priest | 3 | |
| Siege Engine | 7 | |
| Knight | 6 | |
| Mortar Team | 1 | |
35 total
» upgrades
| Defend | 1 | |
| Swords | 3 | |
| Masonry | 3 | |
| Plating | 3 | |
| Gunpowder | 3 | |
| Magic Sentry | 1 | |
| Barrage | 1 | |
| Fragmentation Shards | 1 | |
16 total
» buildings
| Altar of Kings | 1 | |
| Barracks | 1 | |
| Farm | 11 | |
| Scout Tower | 18 | |
| Arcane Tower | 4 | |
| Blacksmith | 1 | |
| Lumber Mill | 1 | |
| Guard Tower | 6 | |
| Keep | 1 | |
| Arcane Vault | 1 | |
| Arcane Sanctum | 1 | |
| Castle | 1 | |
| Workshop | 2 | |
| Town Hall | 2 | |
| Cannon Tower | 2 | |
53 total
» build order
00:11 Altar of Kings
00:15 Barracks
00:23 Farm
01:08 Farm
01:45 Farm
02:09 Scout Tower
02:33 Scout Tower
02:45 Farm
02:58 Arcane Tower
03:36 Blacksmith
04:13 Lumber Mill
05:19 Guard Tower
05:24 Scout Tower
05:54 Arcane Tower
05:56 Scout Tower
06:12 Keep
06:23 Arcane Vault
06:54 Guard Tower
07:42 Farm
07:57 Farm
08:04 Farm
09:26 Arcane Sanctum
10:28 Castle
12:00 Workshop
12:01 Workshop
13:54 Farm
13:54 Farm
14:38 Farm
14:45 Farm
15:32 Town Hall
15:34 Scout Tower
15:37 Scout Tower
16:05 Arcane Tower
16:11 Scout Tower
16:14 Scout Tower
16:43 Guard Tower
17:05 Guard Tower
17:38 Scout Tower
17:54 Scout Tower
18:26 Guard Tower
19:38 Cannon Tower
20:12 Scout Tower
20:47 Cannon Tower
20:50 Scout Tower
21:28 Guard Tower
24:05 Scout Tower
24:05 Scout Tower
24:29 Scout Tower
24:29 Scout Tower
24:29 Scout Tower
24:30 Scout Tower
24:34 Arcane Tower
25:38 Town Hall
» items
| Dust of Appearance | 2 | |
| Scroll of Healing | 1 | |
| Potion of Healing | 1 | |
| Scroll of Town Portal | 4 | |
| Scroll of Regeneration | 1 | |
| Mechanical Critter | 1 | |
10 total
Chat log
(00:16 / Allies) Francis: 3 orc i will mass aa if you guys get melee
(00:47 / Allies) Francis: mass hh here
(00:55 / Allies) MOJOJOJO: mass bbh
(01:17 / Allies) MOJOJOJO: big booty hoes
(01:20 / Allies) MOJOJOJO: amirite?
(03:00 / Allies) MOJOJOJO: fight me irl
(03:13 / Allies) Francis: why though?
(03:18 / Allies) Francis: so we can both lose teeth?
(03:30 / Allies) MOJOJOJO: i will lose no teeth
(03:35 / Allies) kick-moee: mass units
(03:40 / Allies) Francis: mass hh here
(03:49 / Allies) MOJOJOJO: mass bbh here
(04:02 / Allies) MOJOJOJO: big booty hoes
(04:05 / Allies) MOJOJOJO: amirite?
(05:28 / All) MOJOJOJO: SERVED
(05:33 / All) MOJOJOJO: DAMN THAT WAS SWIFT
(05:51 / All) faast: oh look, the nerd got a little win
(05:58 / All) MOJOJOJO: kek
(05:58 / All) MOJOJOJO: mad?
(06:04 / All) faast: shut up faggot pink
(06:11 / All) MOJOJOJO: confirmed buttmangled
(06:27 / All) MOJOJOJO: upset?
(06:29 / All) MOJOJOJO: LOL
(06:34 / All) MOJOJOJO: bothered?
(06:36 / All) faast: must be sad when this is what you brag about
(06:36 / All) MOJOJOJO: lolo
(06:47 / All) MOJOJOJO: I BRAG ABOUT EVERYTHING
(06:48 / All) faast: LOooooooser
(06:54 / All) MOJOJOJO: CUZ IM SO PRO SEX
(07:06 / All) MOJOJOJO: angry?
(07:38 / All) MOJOJOJO: BUTTBLASTEd?
(08:20 / All) MOJOJOJO: nice bolt
(08:20 / All) MOJOJOJO: Jk
(08:48 / All) MOJOJOJO: nope
(09:22 / All) MOJOJOJO: faast dead
(09:29 / All) MOJOJOJO: AMIRITE?
(09:43 / All) faast: are you?
(09:50 / All) MOJOJOJO: WEELL SEEEEE
(09:59 / All) faast: thats a no stupid fag
(10:53 / Allies) Francis: do you need an extra guy on gold?
(10:56 / Allies) Francis: think one may have died
(10:56 / Allies) MOJOJOJO: YES
(10:57 / Allies) kick-moee: ok
(11:25 / Allies) kick-moee: come hitan run
(11:38 / All) MOJOJOJO: rofl
(11:42 / All) MOJOJOJO: omg is he okay?
(12:29 / Allies) MOJOJOJO: FANCIS
(12:30 / Allies) MOJOJOJO: SPARE GOLD?
(12:32 / Allies) MOJOJOJO: 2k man
(13:02 / Allies) MOJOJOJO: francis
(13:03 / Allies) MOJOJOJO: gold me mate
(13:05 / Allies) MOJOJOJO: im broke
(13:07 / Allies) MOJOJOJO: u got 3k
(13:23 / Allies) MOJOJOJO: IM MAKING BATS ANT TURN
(13:30 / Allies) kick-moee: b
(14:18 / Allies) MOJOJOJO: fuck
(14:30 / Allies) MOJOJOJO: goid dmanit
(14:54 / Allies) MOJOJOJO: we need mass aa
(15:06 / Allies) MOJOJOJO: francis
(15:12 / Allies) MOJOJOJO: give me gold omdf you are going to cost us the game
(15:25 / Allies) Francis: i have 4 rax i'l spend it
(15:33 / Allies) MOJOJOJO: we need it NOW
(15:35 / Allies) MOJOJOJO: jesus christ
(15:37 / Allies) MOJOJOJO: its about to happen
(15:38 / Allies) MOJOJOJO: u moron
(15:39 / Allies) MOJOJOJO: newb
(15:59 / Allies) kick-moee: }?
(16:04 / Allies) MOJOJOJO: incomming
(16:21 / Allies) MOJOJOJO: gj idiot
(16:38 / Allies) kick-moee: k
(16:44 / Allies) MOJOJOJO: gj francis
(16:45 / Allies) MOJOJOJO: for real though
(17:03 / Allies) Francis: ty
(17:08 / Allies) MOJOJOJO: b
(17:11 / Allies) MOJOJOJO: let them run into towers
(17:13 / Allies) MOJOJOJO: christ man
(17:15 / Allies) MOJOJOJO: have some couth
(17:52 / Allies) kick-moee: ty
(17:58 / Allies) MOJOJOJO: wood pls
(18:00 / Allies) MOJOJOJO: someone
(18:02 / Allies) MOJOJOJO: anyone
(18:10 / Allies) kick-moee: movw
(18:11 / Allies) Francis: sry
(19:32 / Allies) MOJOJOJO: HAH
(20:18 / Allies) kick-moee: me aa
(21:15 / Allies) kick-moee: b
(21:54 / Allies) MOJOJOJO: plz tp
(21:57 / Allies) kick-moee: kill am
(22:54 / Allies) Francis: no tp at ashop
(23:15 / Allies) Francis: u bought two tps bro
(23:18 / Allies) MOJOJOJO: yeah
(23:46 / All) junglejane1: welll props for trying
(23:47 / All) junglejane1: gg
(23:55 / All) faast: GG
(24:10 / Allies) MOJOJOJO: where is eveyroen
(24:13 / Allies) MOJOJOJO: FRANCIS
(24:15 / Allies) MOJOJOJO: WHAT THE FUCK
(24:15 / Allies) MOJOJOJO: U
(24:16 / Allies) MOJOJOJO: CUNT
(24:20 / Allies) Francis: u bought two tps leaving me with nothing
(24:22 / Allies) MOJOJOJO: u
(24:23 / Allies) MOJOJOJO: CANT
(24:24 / Allies) MOJOJOJO: fucking
(24:25 / Allies) MOJOJOJO: walk to another base/
(24:26 / Allies) MOJOJOJO: u idiot
(24:28 / Allies) MOJOJOJO: god damnit fuck you
(24:47 / Allies) MOJOJOJO: u stupid fucking piece of shit
(26:19 / Allies) Francis: one man down... gg we tried
(26:26 / Allies) MOJOJOJO: sjit thje fuck up
(26:50 / All) MOJOJOJO: dumb nigger
(26:54 / All) MOJOJOJO: Literally fucked the hwole game
(26:55 / All) faast: eat shit noob
(27:07 / All) MyPeonsRLazy: gg noob allies